 Dungeon Crawl Stone Soup version 0.26.1-11-gd32895ea62 (webtiles) character file.

Game seed: 15137758127167951745

80 Almogavar the Conjurer (level 4, -3/33 HPs)
             Began as a Draconian Conjurer on June 18, 2021.
             Killed from afar by a dart slug (7 damage)
             ... with a slug dart
             ... on level 3 of the Dungeon on June 19, 2021.
             The game lasted 00:07:40 (2545 turns).

Almogavar the Conjurer (Draconian Conjurer)         Turns: 2545, Time: 00:07:40

Health: -3/33      AC:  7    Str: 10    XL:     4   Next: 18%
Magic:  5/7        EV: 12    Int: 19    God:
Gold:   86         SH:  0    Dex: 15    Spells: 5/8 levels left

rFire    . . .     SeeInvis .   a - +0 dagger
rCold    . . .     Faith    .   (no shield)
rNeg     . . .     Spirit   .   (armour unavailable)
rPois    .         Reflect  .   (helmet restricted)
rElec    .         Harm     .   (no cloak)
rCorr    .         Rampage  .   i - +1 pair of gloves
Will     .....                  (no boots)
Stlth    ++........             (no amulet)
HPRegen  0.11/turn              h - +6 ring of dexterity
MPRegen  0.10/turn              (no ring)

@: no status effects
A: unfitting armour, cold-blooded, AC +5
a: no special abilities


You were on level 3 of the Dungeon.
You visited 1 branch of the dungeon, and saw 3 of its levels.

You collected 86 gold pieces.

Inventory:

Hand Weapons
 a - a +0 dagger (weapon)
Armour
 i - a +1 pair of gloves (worn)
Jewellery
 h - a +6 ring of dexterity (left hand)
Scrolls
 d - a scroll of enchant weapon {unknown}
 e - a scroll of remove curse
 f - a scroll of teleportation {unknown}
 g - a scroll of magic mapping {unknown}
 j - a scroll of immolation {unknown}
 k - 2 scrolls of identify {unknown}
Potions
 b - 2 potions of haste {unknown}
 c - a potion of degeneration {unknown}
 l - a potion of brilliance {unknown}
 m - a potion of curing {unknown}
 n - a potion of flight {unknown}
 o - a potion of resistance {unknown}


   Skills:
 + Level 2.0 Dodging
 + Level 1.9 Stealth
 + Level 2.5 Spellcasting
 + Level 5.3 Conjurations


You had 5 spell levels left.
You knew the following spells:

 Your Spells              Type           Power        Failure   Level
a - Magic Dart            Conj           88%          1%          1
b - Searing Ray           Conj           44%          2%          2

Your spell library contained the following spells:

 Spells                   Type           Power        Failure   Level
 Conjure Flame            Conj/Fire      12%          16%         3
 Dazzling Flash           Conj/Hex       24%          16%         3
 Blink                    Tloc           N/A          24%         2
 Call Imp                 Summ           2%           24%         2
 Slow                     Hex            2%           24%         2
 Mephitic Cloud           Conj/Pois/Air  9%           24%         3
 Fulminant Prism          Conj/Hex       6%           47%         4
 Iskenderun's Mystic Bla  Conj/Tloc      12%          47%         4


Dungeon Overview and Level Annotations

Branches:
Dungeon (3/15)

Altars:


Innate Abilities, Weirdness & Mutations

Your plain brown scales are hard. (AC +5)
You cannot fit into any form of body armour.
You are cold-blooded and may be slowed by cold attacks.


Message History

Aiming: Magic Dart (safe; 1% risk of failure)
Press: ? - help, Shift-Dir - straight line, f - dart slug
Aim: a dart slug (asleep, 0% to evade)
The magic dart hits the dart slug.
The dart slug is moderately wounded.
The centaur wields a +0 shortbow.
The centaur shoots an arrow.
The arrow hits you!
Casting: Magic Dart (safe; 1% risk of failure)
Confirm with . or Enter, or press ? or * to list all spells.
Aiming: Magic Dart (safe; 1% risk of failure)
Press: ? - help, Shift-Dir - straight line, f/p - dart slug
Aim: a dart slug (moderately wounded, 0% to evade)
The magic dart hits the dart slug but does no damage.
The dart slug is moderately wounded.
The centaur shoots an arrow.
The arrow hits you!
The centaur shoots an arrow.
The arrow hits you!
* * * LOW HITPOINT WARNING * * *
The dart slug launches a dart at you. The slug dart hits you!
You die...

#...#.!..
######...#...
#........>..
#...w......
#.........
#.....$..
........#
.......@#
......#.#
..... #.#
.... ... ...
... .. .....
. ..c..
..#####


You could see a centaur and a dart slug.

Vanquished Creatures
  Terence (D:2)
  A white imp (D:2)
  An ooze (D:1)
  A dart slug (D:1)
  A leopard gecko (D:2)
  A giant cockroach (D:1)
  8 goblins
  5 hobgoblins
  A quokka (D:2)
  7 bats
  3 frilled lizards
  5 kobolds
  5 rats
40 creatures vanquished.

Notes
Turn   | Place    | Note
-------+----------+-------------------------------------------
     0 | D:1      | Almogavar the Draconian Conjurer began the quest for the
                  | Orb.
     0 | D:1      | Reached XP level 1. HP: 14/14 MP: 3/3
   194 | D:1      | Reached XP level 2. HP: 20/20 MP: 0/5
   371 | D:1      | Learned a level 2 spell: Searing Ray
  1138 | D:2      | Reached XP level 3. HP: 26/26 MP: 3/6
  1574 | D:2      | Reached skill level 5 in Conjurations
  2186 | D:2      | Noticed Terence
  2265 | D:2      | Killed Terence
  2266 | D:2      | Reached XP level 4. HP: 25/33 MP: 2/7
  2542 | D:3      | Noticed a centaur
  2545 | D:3      | Killed from afar by a dart slug

Illustrated notes

Levels and vault maps discovered:
D:1:      ncdulo_watergridlock, layout_basic, minmay_misc_feat_plants,
          minmay_3d_cube
D:2:      layout_basic, minmay_misc_feat_roman, uniq_terence
D:3:      layout_basic, lightli_temple_of_fire, grunt_gozag_statues, uniq_ijyb

Skill      XL: |  1  2  3 |
---------------+----------+-----
Conjurations   | 5 |  5.3
Dodging        | 2 |  2.0
Stealth        | |  1.9
Spellcasting   | |  2.5

Action                   |  1- 3 |  4- 6 || total
-------------------------+-------+-------++-------
Melee: Dagger            |    38 |       ||    38
       Tailslap          |    12 |       ||    12
 Cast: Magic Dart        |    69 |     2 ||    71
       Searing Ray       |     4 |       ||     4
  Use: Scroll            |     1 |       ||     1
Armor: Skin              |    16 |       ||    16
Dodge: Dodged            |    26 |       ||    26
